 Dungeon Crawl Stone Soup version 0.21.0-25-ge575cb9ce8 (webtiles) character file.

196 Optimism the Ruffian (level 5, -5/53 HPs)
             Began as a Troll Berserker on Jan 24, 2018.
             Was a Believer of Trog.
             Slain by a gnoll
             ... wielding a +0 halberd
              (13 damage)
             ... on level 3 of the Dungeon.
             The game lasted 00:05:42 (1747 turns).

Optimism the Ruffian (Troll Berserker)              Turns: 1747, Time: 00:05:44

Health: -5/53      AC:  5    Str: 26    XL:     5   Next: 46%
Magic:  4/4        EV: 10    Int:  3    God:    Trog [**....]
Gold:   81         SH:  0    Dex:  9    Spells: 4/4 levels left

rFire    . . .     SeeInvis .     - Unarmed
rCold    . . .     Gourm    +   (no shield)
rNeg     . . .     Faith    .   a - +0 animal skin
rPois    .         Spirit   .   (helmet restricted)
rElec    .         Reflect  .   (no cloak)
rCorr    .         Harm     .   (gloves unavailable)
MR       .....                  (boots unavailable)
Stlth    +.........             (no amulet)
HPRegen  0.57/turn              (no ring)
MPRegen  0.09/turn              (no ring)

@: berserk cooldown, slowed, very slow
A: large, unfitting armour, claws 3, fast metabolism 3, gourmand, regeneration
1, shaggy fur 1, tough skin 2
a: Berserk, Trog's Hand, Burn Spellbooks, Renounce Religion


You were on level 3 of the Dungeon.
You worshipped Trog.
Trog was pleased with you.
You were full.

You visited 1 branch of the dungeon, and saw 3 of its levels.

You collected 81 gold pieces.

Inventory:

Armour
 a - a +0 animal skin (worn)
Jewellery
 c - a +3 ring of intelligence {unknown}
 g - a +6 ring of dexterity {unknown}
 i - a cursed ring of loudness {unknown}
Scrolls
 f - 3 scrolls of identify {unknown}
 h - 3 scrolls of remove curse {unknown}
 j - a scroll of enchant armour {unknown}
 k - a scroll of random uselessness {unknown}
 l - a scroll of amnesia {unknown}
 p - a scroll of noise {unknown}
Potions
 d - a potion of flight {unknown}
 e - a potion of heal wounds {unknown}
 n - a potion of degeneration {unknown}
 o - a potion of curing {unknown}
 q - a potion of brilliance {unknown}
Comestibles
 b - 5 rations


   Skills:
 + Level 3.1 Fighting
 + Level 3.1 Dodging
 + Level 0.6 Stealth
 + Level 4.8 Unarmed Combat


You had 4 spell levels left.
You didn't know any spells.

Dungeon Overview and Level Annotations

Branches:
Dungeon (3/15)

Altars:


Innate Abilities, Weirdness & Mutations

You are too large for most types of armour.
You have claws for hands.
Your metabolism is lightning-fast.
You like to eat raw meat.
Your natural rate of healing is unusually fast.
You are covered in fur. (AC +1)
You have very tough skin. (AC +2)


Message History

The gnoll hits you with a halberd!
* * * LOW HITPOINT WARNING * * *
The gnoll completely misses you. The gnoll barely misses you.
You feel a strong urge to attack something.
The gnoll barely misses you.
You feel your anger nearly subside. The gnoll closely misses you.
The gnoll barely misses you.
You mangle the gnoll!!
You kill the gnoll!
Trog accepts your kill.
You are no longer berserk.
You are exhausted.
You feel yourself slow down.
You claw the orc!
You kill the orc!
Trog accepts your kill. The gnoll hits you with a flail!
* * * LOW HITPOINT WARNING * * *
The gnoll hits you from afar with a halberd!
You die...

#. #. # # #.# .# . ##.##
#.#. #.##...## ####
#.... ###.#.....###..#
#.....
...............###......
#......[.##...#.....%.
#..........@ggg.......
##.......##...###.....
##(...#####.## ..#
#..<.# #.. . #.#### ####
#[ #. #


You could see 3 gnolls.

Vanquished Creatures
  Natasha (thrice) (D:2)
  Robin (D:2)
  A gnoll (D:3)
  4 adders
  A worm (D:2)
  A dart slug (D:1)
  A leopard gecko (D:1)
  An orc (D:3)
  A ball python (D:2)
  5 bats
  4 giant cockroaches
  12 goblins
  8 hobgoblins
  3 jackals (D:1)
  A quokka (D:3)
  4 frilled lizards (D:2)
  5 kobolds
  6 rats
62 creatures vanquished.

Notes
Turn   | Place    | Note
-------+----------+-------------------------------------------
     0 | D:1      | Optimism the Troll Berserker began the quest for the Orb.
     0 | D:1      | Reached XP level 1. HP: 22/22 MP: 0/0
    95 | D:1      | Reached XP level 2. HP: 25/29 MP: 1/1
   705 | D:2      | Reached XP level 3. HP: 36/36 MP: 2/2
   916 | D:2      | Noticed Robin
   933 | D:2      | Killed Robin
   933 | D:2      | Reached XP level 4. HP: 29/45 MP: 3/3
   934 | D:2      | Reached ** piety under Trog
   991 | D:2      | Noticed Natasha
  1002 | D:2      | Killed Natasha
  1002 | D:2      | Reached skill level 4 in Unarmed Combat
  1014 | D:2      | Noticed Natasha
  1020 | D:2      | Killed Natasha
  1132 | D:2      | Reached XP level 5. HP: 53/53 MP: 4/4
  1367 | D:2      | Noticed Natasha
  1372 | D:2      | Killed Natasha
  1747 | D:3      | Slain by a gnoll

Skill      XL: |  1  2  3  4 |
---------------+-------------+-----
Fighting       | 3 |  3.1
Dodging        | 3 |  3.1
Unarmed Combat | 4 |  4.8
Stealth        | |  0.6

Action                   |  1- 3 |  4- 6 || total
-------------------------+-------+-------++-------
Melee: Unarmed           |    93 |    68 ||   161
       Punch             |     3 |     2 ||     5
Invok: Berserk           |       |     1 ||     1
 Stab: Sleeping          |     1 |     2 ||     3
  Eat: Chunk             |    14 |     6 ||    20
Armor: Animal skin       |    23 |    23 ||    46
Dodge: Dodged            |    54 |    38 ||    92
